 Dungeon Crawl Stone Soup version 0.30-a0-528-g8c47a4955b (webtiles) character file.

Game seed: 12913703352845114658

27035 whiskeysaurus the Arsonist (level 13, -1/77 HPs)
             Began as a Green Draconian Fire Elementalist on Dec 23, 2022.
             Was an Elder of Hepliaklqana.
             Slain by a torpor snail (11 damage)
             ... on level 2 of the Lair of Beasts.
             The game lasted 00:47:59 (24563 turns).

whiskeysaurus the Arsonist (DrFE)                  Turns: 24563, Time: 00:47:59

Health: -1/77      AC: 10    Str: 12    XL:     13   Next: 2%
Magic:  18/35      EV: 15    Int: 20    God:    Hepliaklqana [****..]
Gold:   1328       SH:  0    Dex: 11    Spells: 24/31 levels left

rFire   . . .      SeeInvis +    D - +7 spear
rCold   . . .      Faith    .    (no shield)
rNeg    . . .      Spirit   .    (body armour unavailable)
rPois   +          Reflect  .    (helmet restricted)
rElec   .          Harm     .    (no cloak)
rCorr   .          Rampage  .    A - +0 pair of gloves
Will    .....                    Q - +0 pair of boots
Stlth   ++++                     G - amulet of regeneration
HPRegen 1.12/turn                v - ring of magical power
MPRegen 0.24/turn                w - ring of see invisible

@: hasted and slowed
A: reduced essence, breathe noxious fumes, AC +8, unfitting armour, poison
resistance, cold-blooded
a: Breathe Noxious Fumes, Renounce Religion, Recall Ancestor, Ancestor Identity,
Transference, Idealise


You were on level 2 of the Lair of Beasts.
You worshipped Hepliaklqana.
Hepliaklqana was greatly pleased with you.
You visited 3 branches of the dungeon, and saw 15 of its levels.

You collected 1350 gold pieces.
You spent 22 gold pieces at shops.

Inventory:

Hand Weapons
 g - a +0 club
 l - a +0 whip
 o - a +0 trident
 r - a +3 trident
 D - a +7 spear (weapon)
Missiles
 I - 2 throwing nets
Armour
 A - a +0 pair of gloves (worn)
 P - a scarf of shadows
 Q - a +0 pair of boots (worn)
Jewellery
 f - an amulet of guardian spirit
 p - a ring of fire
 v - a ring of magical power (left hand)
 w - a ring of see invisible (right hand)
 G - an amulet of regeneration (around neck)
 O - a ring of protection from fire
 T - a ring of protection from fire
Wands
 i - a wand of flame (38)
 C - a wand of paralysis (16)
 E - a wand of digging (6)
 F - a wand of quicksilver (19)
 R - a wand of mindburst (4)
 U - a wand of iceblast (2)
Scrolls
 c - 5 scrolls of identify
 d - 4 scrolls of teleportation {unknown}
 e - 3 scrolls of fog
 j - 2 scrolls of enchant weapon {unknown}
 k - a scroll of magic mapping {unknown}
 n - 2 scrolls of immolation
 x - 2 scrolls of poison {unknown}
 y - 2 scrolls of amnesia {unknown}
 L - 3 scrolls of acquirement {unknown}
 N - a scroll of enchant armour {unknown}
 V - a scroll of noise {unknown}
Potions
 a - 2 potions of magic
 b - 2 potions of haste
 h - 4 potions of degeneration
 m - 3 potions of might
 q - 4 potions of flight
 s - 3 potions of brilliance
 t - 5 potions of mutation
 u - 4 potions of heal wounds {unknown}
 z - 4 potions of resistance
 B - 7 potions of curing
 H - 2 potions of lignification {unknown}
 J - a potion of attraction {unknown}
 K - a potion of invisibility {unknown}
 S - a potion of berserk rage {unknown}
Miscellaneous
 M - a box of beasts


   Skills:
 + Level 9.4 Dodging
 + Level 10.3 Stealth
 + Level 9.5 Spellcasting
 + Level 10.1 Conjurations
 + Level 10.5 Fire Magic


You had 24 spell levels left.
You knew the following spells:

 Your Spells              Type           Power      Damage    Failure   Level
a - Foxfire               Conj/Fire      100%       2x1d9     1%          1
b - Scorch                Fire           100%       2d10      1%          2
c - Flame Wave            Conj/Fire      50%        2d12      1%          4

Your spell library contained the following spells:

 Spells                   Type           Power      Damage    Failure   Level
 Hailstorm                Conj/Ice       29%        3d8       2%          3
 Inner Flame              Hex/Fire       30%        N/A       2%          3
 Kindle Blastsparks       Fire/Tloc/Air  46%        2d13      5%          3
 Sublimation of Blood     Necr           9%         N/A       11%         2
 Ozocubu's Armour         Ice            9%         N/A       22%         3
 Portal Projectile        Hex/Tloc       18%        N/A       22%         3
 Tukima's Dance           Hex            9%         N/A       22%         3
 Irradiate                Conj/Tmut      14%        3d16      26%         5
 Ice Form                 Ice/Tmut       9%         N/A       58%         4
 Petrify                  Tmut/Erth      9%         N/A       58%         4
 Blade Hands              Tmut           4%         N/A       90%         5
 Metabolic Englaciation   Hex/Ice        4%         N/A       90%         5
 Summon Forest            Summ/Tloc      4%         N/A       90%         5
 Summon Mana Viper        Hex/Summ       9%         N/A       90%         5
 Simulacrum               Ice/Necr       4%         N/A       100%        6
 Summon Cactus Giant      Summ           4%         N/A       100%        6


Dungeon Overview and Level Annotations

Branches:
Dungeon (12/15)            Temple (1/1) D:6            Lair (2/5) D:10
    Orc (0/2) D:10
  Swamp: Lair:2-3    Shoals: Lair:2-3     Snake: Lair:2-3    Spider: Lair:2-3

Altars:
Ashenzari
Cheibriados
Dithmenos
Elyvilon
Fedhas
Gozag
Hepliaklqana
Kikubaaqudgha
Makhleb
Nemelex Xobeh
Okawaru
Qazlal
Ru
Sif Muna
Trog
Uskayaw
Vehumet
Wu Jian
Xom
Yredelemnul
Zin
The Shining One

Shops:
D:2 ?   D:6 :

Annotations:
D:5 3 runed translucent doors, cforsyth's ghost, novice AtGl
D:10 2 transporters, exclusion: downstairs


Innate Abilities, Weirdness & Mutations

Your life essence is reduced to manifest your ancestor. (-10% HP)
You can breathe blasts of noxious fumes.
Your lurid green scales are hard. (AC +8)
You cannot fit into any form of body armour.
Your system is resistant to poisons. (rPois)
You are cold-blooded and may be slowed by cold attacks.


Message History

Flames lash the yak.
The yak is heavily wounded.
The yak's fire resistance burns away.
The yak gores you.
Numeria hits the torpor snail with a +0 flail!
The torpor snail bites you.
The yak barely misses Numeria.
The yak gores you! The yak misses you.
Unknown command.
Casting: Scorch (safe; 1% risk of failure)
Confirm with . or Enter, or press ? or * to list all spells.
Flames lash the yak.
The yak is burned terribly!
The yak is heavily wounded.
The yak completely misses you. The yak closely misses you.
The yak gores Numeria!
Numeria hits the torpor snail with a +0 flail!
The torpor snail closely misses Numeria.
Casting: Scorch (safe; 1% risk of failure)
Confirm with . or Enter, or press ? or * to list all spells.
Casting: Flame Wave (dangerous; 1% risk of failure)
Press: ? - help, Dir - look around, f - activate A wave of flame ripples out!
The flame wave engulfs the yak.
The yak is severely wounded.
The flame wave engulfs the yak!!
The yak is heavily wounded.
Numeria avoids your attack.
The flame wave engulfs the torpor snail!
The torpor snail is severely wounded. (Press . to intensify the flame waves.)
You hear a trumpeting! x2
The yak gores you. The yak closely misses you.
The yak gores Numeria!
Numeria hits the torpor snail with a +0 flail.
The torpor snail bites you!!
* * * LOW HITPOINT WARNING * * *
The yak misses you.
The yak barely misses Numeria.
The yak gores you!
* * * LOW HITPOINT WARNING * * *
Okay, then.
You feel yourself speed up.
Numeria hits the torpor snail with a +0 flail.
Numeria blocks the yak's attack.
The yak barely misses you. The yak misses you. The torpor snail bites you!
You die...

...... ...... ..............
....>. .............##
........................
......................#
#..................†..##
.................Y.....#
#..............YRw......
#P..............@Y......
#.......................
###.....)...............
.#.##..................#
............................
##..##...............#......
.#######........#...........
.# ##....)..##....#.....( ##
#.......###....#......


You could see the friendly Numeria the knight (slow), a torpor snail (ally
target) and 3 yaks.

Vanquished Creatures
  Fannar (D:12)
  A hydra (Lair:2)
  A boulder beetle (D:11)
  3 two-headed ogres
  A wizard (D:12)
  A manticore (D:12)
  A cyclops (D:11)
  2 gargoyles (D:12)
  2 black mambas (Lair:1)
  2 cane toads (Lair:1)
  2 unseen horrors (D:12)
  5 kobold demonologists (D:11)
  4 slime creatures
  A hornet (D:7)
  16 yaks
  A shadow (D:11)
  A wyvern (D:10)
  Grum (D:8)
  A hog (D:12)
  2 steam dragons
  7 vampire mosquitoes
  2 basilisks (Lair:1)
  Menkaure (D:6)
  4 water moccasins
  3 acid dragons
  Duvessa (D:4)
  2 ice beasts (D:7)
  4 black bears
  6 orc warriors
  5 ogres
  7 wolves
  7 centaurs
  4 kobold brigands
  2 phantoms
  3 bullfrogs
  A necrophage (D:7)
  A scorpion (D:5)
  3 gnoll sergeants
  4 wights
  Dowan (D:4)
  7 howler monkeys
  A knight (D:12)
  3 orc priests
  A jelly (D:5)
  Crazy Yiuf (D:3)
  3 hounds
  A gnoll bouda (D:6)
  Jessica (D:2)
  4 iguanas
  7 orc wizards
  A mummy (D:4)
  13 gnolls
  10 adders
  3 white imps
  2 ufetubi
  4 worms
  A dart slug (D:1)
  37 orcs
  5 ball pythons
  6 bats
  6 endoplasms
  5 giant cockroaches
  7 goblins
  9 hobgoblins
  6 jackals
  36 kobolds
  5 quokkas
  A frilled lizard (D:3)
  6 rats
309 creatures vanquished.

Vanquished Creatures (collateral kills)
  2 boulder beetles
  A two-headed ogre (D:10)
  A deep elf pyromancer (D:12)
  2 cyclopes (D:11)
  Maurice (D:11)
  A black mamba (Lair:2)
  2 trolls
  2 shadows
  A vampire (D:12)
  14 yaks
  2 vampire mosquitoes (D:11)
  An orc warrior (D:10)
  A sky beast (D:8)
  A black bear (D:10)
  2 wolves
  A centaur (D:12)
  2 kobold brigands (D:8)
  2 howler monkeys
  An orc priest (D:11)
  An orc wizard (D:10)
  4 gnolls
  3 orcs
  3 kobolds
  7 foxfires
58 creatures vanquished.

Vanquished Creatures (others)
  3 ancestors (D:8)
  4 knights
  1611 foxfires
  4 fungi
  3 plants
1625 creatures vanquished.

Grand Total: 1992 creatures vanquished

Notes
Turn   | Place    | Note
-------+----------+-------------------------------------------
     0 | D:1      | whiskeysaurus the Draconian Fire Elementalist began the
                  | quest for the Orb.
     0 | D:1      | Reached XP level 1. HP: 14/14 MP: 3/3
   486 | D:1      | Reached XP level 2. HP: 20/20 MP: 0/5
  1157 | D:2      | Noticed Jessica
  1466 | D:2      | Killed Jessica
  1467 | D:2      | Reached XP level 3. HP: 18/26 MP: 1/6
  1889 | D:2      | Found a broken altar of Ashenzari.
  1936 | D:2      | Found Xoaneaf's Magic Scroll Shop.
  1942 | D:2      | Bought a scroll of identify for 22 gold pieces
  1952 | D:2      | Reached XP level 4. HP: 33/33 MP: 1/7
  3022 | D:3      | Found a faded altar of an unknown god.
  4062 | D:3      | Found a stormy altar of Qazlal.
  4117 | D:3      | Reached XP level 5. HP: 38/38 MP: 1/9
  4977 | D:3      | Found a runed translucent door.
  4978 | D:3      | Noticed Crazy Yiuf
  5060 | D:4      | You fall into a shaft and drop 3 floors!
  5140 | D:6      | Noticed an orc warrior
  5143 | D:5      | Entered Level 5 of the Dungeon
  5154 | D:5      | Noticed an ogre
  5830 | D:4      | Reached XP level 6. HP: 31/45 MP: 2/10
  6228 | D:4      | Noticed Dowan
  6303 | D:4      | Learned a level 2 spell: Scorch
  6473 | D:4      | Noticed Duvessa
  6892 | D:4      | Your scales start taking on a lurid green colour.
  6892 | D:4      | Reached XP level 7. HP: 50/50 MP: 5/12
  6892 | D:4      | Gained mutation: Your system is resistant to poisons.
                  | (rPois) [Green Draconian growth]
  6963 | D:4      | Found a snail-covered altar of Cheibriados.
  7022 | D:4      | Killed Duvessa
  7026 | D:4      | Killed Dowan
  7384 | D:5      | Found a runed translucent gate.
  7384 | D:5      | Found a runed translucent gate.
  7386 | D:5      | Found a runed translucent gate.
  7389 | D:5      | Noticed cforsyth's ghost (novice AtGl)
  7682 | D:5      | Reached skill level 5 in Fire Magic
  7682 | D:5      | Reached XP level 8. HP: 57/57 MP: 7/14
  9347 | D:6      | Reached skill level 5 in Stealth
  9472 | D:6      | Noticed Menkaure
  9476 | D:6      | Killed Menkaure
  9543 | D:6      | Found Dunuqob's Book Shop.
  9584 | D:6      | Found a staircase to the Ecumenical Temple.
  9605 | Temple   | Entered the Ecumenical Temple
 10055 | Temple   | Became a worshipper of Hepliaklqana the Forgotten
 10700 | D:6      | Reached skill level 5 in Spellcasting
 10700 | D:6      | Reached skill level 5 in Conjurations
 11188 | D:3      | Killed Crazy Yiuf
 11370 | D:7      | Noticed a slime creature
 11434 | D:6      | Reached skill level 5 in Dodging
 11573 | D:7      | Reached XP level 9. HP: 62/62 MP: 6/16
 11966 | D:7      | Paralysed by a wight for 3 turns
 13137 | D:7      | Paralysed by a wight for 3 turns
 13906 | D:8      | Reached * piety under Hepliaklqana
 14182 | D:8      | Reached XP level 10. HP: 62/62 MP: 9/19
 14619 | D:8      | Noticed Grum
 14635 | D:8      | Killed Grum
 15249 | D:8      | Reached ** piety under Hepliaklqana
 15250 | D:8      | Remembered your ancestor Numeria as a knight
 15516 | D:9      | Noticed a two-headed ogre
 15522 | D:9      | Killed a two-headed ogre
 15587 | D:9      | Noticed a two-headed ogre
 15597 | D:9      | Killed a two-headed ogre
 16443 | D:9      | Reached XP level 11. HP: 63/66 MP: 21/21
 16670 | D:10     | Entered Level 10 of the Dungeon
 16670 | D:10     | Found a staircase to the Orcish Mines.
 17036 | D:10     | Found a staircase to the Lair.
 17583 | D:10     | Noticed a two-headed ogre
 17591 | D:10     | Killed a two-headed ogre
 17633 | D:10     | Found a transporter.
 17654 | D:10     | Found a transporter.
 17658 | D:10     | Found a transporter.
 17777 | D:10     | Found a transporter.
 17779 | D:10     | Noticed a two-headed ogre
 17782 | D:10     | Killed a two-headed ogre
 18100 | D:10     | Learned a level 4 spell: Flame Wave
 18182 | D:11     | Noticed a boulder beetle
 18372 | D:11     | Noticed a sixfirhy
 18514 | D:11     | Reached *** piety under Hepliaklqana
 18519 | D:11     | Noticed a sun demon
 19284 | D:11     | Killed a boulder beetle
 19884 | D:11     | Reached XP level 12. HP: 72/72 MP: 24/24
 20214 | D:11     | Noticed Maurice
 20225 | D:11     | Killed Maurice
 20389 | D:12     | Noticed Fannar
 20401 | D:12     | Killed Fannar
 20404 | D:12     | Noticed a boulder beetle
 21001 | D:12     | Noticed a boulder beetle
 21227 | D:12     | Killed a boulder beetle
 21550 | D:12     | Reached skill level 10 in Fire Magic
 21621 | D:12     | Noticed a boulder beetle
 22138 | D:12     | Noticed a boulder beetle
 22860 | Lair:1   | Entered Level 1 of the Lair of Beasts
 22862 | Lair:1   | Noticed a boulder beetle
 22885 | Lair:1   | Killed a boulder beetle
 23226 | Lair:1   | Reached skill level 10 in Stealth
 23545 | Lair:1   | Reached skill level 10 in Conjurations
 24087 | Lair:2   | Noticed a four-headed hydra
 24091 | Lair:2   | Reached **** piety under Hepliaklqana
 24311 | Lair:2   | Killed a four-headed hydra
 24558 | Lair:2   | Reached XP level 13. HP: 70/77 MP: 26/26
 24563 | Lair:2   | Slain by a torpor snail

Illustrated notes

Levels and vault maps discovered:
D:1:      roderic_chinese_lattice_arrival, layout_basic
D:2:      layout_loops_ring, serial_shops, shop, basic_altar, uniq_jessica
D:3:      layout_basic, mainiacjoe_overflow_brackets,
          shapermc_ecumenical_altar_starsandcircs, dk_vineyard_3,
          corexii_hall_statues_x, minmay_close_crescents,
          uniq_crazy_yiuf_cottage
D:4:      layout_cave_pools, slow_altar_2, st_stairs_13, uniq_duvessa
D:5:      layout_basic, gammafunk_ghost_necromancy, minmay_misc_feat_alley,
          palyth_stone_intersect
D:6:      layout_loops_ring, minmay_temple_entry_mini_moons,
          gup_sewer_entry_bowl, serial_shops, nicolae_shop_trees, uniq_menkaure
D:7:      cheibrodos_fzero, layout_basic, corexii_corridor_pit, hex_tiny,
          st_stairs_8
D:8:      layout_gridville, uniq_grum
D:9:      layout_stronghold
D:10:     layout_loops_ring, david_lair_generic, david_orc_2,
          nicolae_diode_intersection
D:11:     layout_long_grid, hangedman_abyss_or_decor_passed,
          minmay_misc_feat_square, uniq_maurice
D:12:     minmay_polygon_palace, layout_basic, solitary_fountain, uniq_kirke,
          uniq_fannar
Temple:   mainiacjoe_temple_big_plus
Lair:1:   layout_cave_pods
Lair:2:   layout_chaotic_city, minmay_swamp_entry_swarm

Skill      XL: |  1  2  3  4  5  6  7  8  9 10 11 12 |
---------------+-------------------------------------+-----
Stealth        | 2 3 4 5 6 7 9 10 | 10.3
Dodging        | 2 3 4 5 6 7 8 9 |  9.4
Conjurations   | 2 3 4 5 6 7 9 10 | 10.1
Spellcasting   | 3 4 5 6 7 8 9 |  9.5
Fire Magic     | 4 5 6 7 8 9 10 | 10.5

Action                   |  1- 3 |  4- 6 |  7- 9 | 10-12 | 13-15 || total
-------------------------+-------+-------+-------+-------+-------++-------
Melee: Unarmed           |    13 |       |       |       |       ||    13
       Tailslap          |     3 |     3 |     3 |     3 |       ||    12
       Club              |     2 |       |       |       |       ||     2
       Trident           |       |    20 |    16 |       |       ||    36
       Spear             |       |       |       |    66 |       ||    66
 Cast: Foxfire           |    82 |   195 |   223 |   488 |       ||   988
       Scorch            |       |     8 |    98 |   161 |     4 ||   271
       Flame Wave        |       |       |       |    30 |     1 ||    31
Invok: Ancestor Life: Kn |       |       |       |     1 |       ||     1
       Recall Ancestor   |       |       |       |     6 |       ||     6
       Transference      |       |       |       |     1 |       ||     1
 Abil: Breathe Noxious F |       |       |       |    12 |       ||    12
  Use: Scroll            |       |     2 |    10 |     1 |       ||    13
       Potion            |       |       |     1 |     1 |     1 ||     3
 Stab: Distracted        |       |       |       |     1 |       ||     1
Armor: Skin              |     5 |    12 |    51 |    47 |     1 ||   116
Dodge: Dodged            |    15 |    38 |    64 |   139 |     8 ||   264

Table legend: (Time is in decaauts)
 A = Elapsed time spent in this place.
 B = Non-inter-level travel time spent in this place.
 C = Inter-level travel time spent in this place.
 D = Time resting spent in this place.
 E = Time spent auto-exploring this place.
 F = Levels seen in this place.
 G = Mean time per level.
                   A        B        C        D        E       F      G
               +--------+--------+--------+--------+--------+-----+--------+
         Total |  24594 |  22956 |   1638 |   4468 |  15185 |  15 | 1639.6 |
       Dungeon |  22401 |  20835 |   1566 |   4144 |  13627 |  12 | 1866.8 |
        Temple |    480 |    451 |     29 |      0 |    427 |   1 |  480.0 |
          Lair |   1711 |   1668 |     43 |    324 |   1131 |   2 |  855.5 |
               +--------+--------+--------+--------+--------+-----+--------+

Top non-repeatable levels by time:
     D:3: 2731 daAuts
    D:11: 2721 daAuts
    D:10: 2324 daAuts
     D:5: 2176 daAuts
     D:6: 2013 daAuts
     D:7: 1761 daAuts
     D:2: 1710 daAuts
     D:4: 1709 daAuts
     D:8: 1544 daAuts
  Lair:1: 1520 daAuts
     D:1: 1404 daAuts
     D:9: 1202 daAuts
    D:12: 1101 daAuts
  Temple: 480 daAuts
  Lair:2: 190 daAuts
